[Event "WYCC 2018 G16"]
[Site "Halkidiki"]
[Date "2018.10.28"]
[Round "9"]
[White "Staravoitava, Hanna"]
[Black "Shanya Mishra"]
[Result "0-1"]
[ECO "A06"]
[WhiteElo "1768"]
[BlackElo "1924"]
[Annotator "NA"]
[PlyCount "80"]
[EventDate "2018.10.20"]
[EventType "swiss"]
[EventCountry "GRE"]
[SourceTitle "playchess.com"]
[Source "ChessBase"]
[SourceQuality "1"]
[TimeControl "40/5400+30:1800+30"]

1. Nf3 d5 2. g3 Nf6 3. Bg2 Bf5 4. b3 h6 5. Bb2 e6 6. O-O Be7 7. c4 c6 8. d3 O-O 9. Nbd2 a5 10. a3 Na6 11. Re1 Nc7 12. e4 Bh7 13. Qe2 Re8 14. Ne5 Nd7 15. Nxd7 Qxd7 16. Qg4 Bf8 17. cxd5 cxd5 18. Nf3 Qb5 19. Be5 dxe4 20. a4 Qxd3 21. Rad1 f5 22. Qh3 Qxb3 23. Nd4 Qb6 24. Rb1 Bb4 25. Rec1 Nd5 26. Nb5 Rec8 27. Bxe4 Rxc1+ 28. Rxc1 fxe4 29. Qg4 Bf8 30. Nd6 Bf5 31. Nxf5 exf5 32. Qxf5 e3 33. Qe4 exf2+ 34. Kg2 Ne3+ 35. Kxf2 Ng4+ 36. Kg2 Nxe5 37. Qxe5 Rd8 38. Rf1 Qc6+ 39. Kh3 Qd7+ 40. Kg2 Qd5+ 0-1

[Event "WYCC 2018 G16"]
[Site "Halkidiki"]
[Date "2018.10.28"]
[Round "9"]
[White "Hovhannisyan, Mane"]
[Black "Nestorovic, Katarina"]
[Result "0-1"]
[ECO "E19"]
[WhiteElo "1730"]
[BlackElo "2015"]
[Annotator "NA"]
[PlyCount "66"]
[EventDate "2018.10.20"]
[EventType "swiss"]
[EventCountry "GRE"]
[SourceTitle "playchess.com"]
[Source "ChessBase"]
[SourceQuality "1"]
[TimeControl "40/5400+30:1800+30"]

1. Nf3 Nf6 2. c4 e6 3. g3 a6 4. Bg2 b5 5. b3 Bb7 6. O-O c5 7. Nc3 Qb6 8. Re1 Nc6 9. e4 d6 10. Nd5 exd5 11. exd5+ Ne7 12. d4 cxd4 13. Nxd4 g6 14. Be3 Qc7 15. Rc1 bxc4 16. bxc4 Bg7 17. Bf4 Nd7 18. Ne6 fxe6 19. Rxe6 Be5 20. Bg5 O-O 21. Bxe7 Rf7 22. f4 Nc5 23. fxe5 Nxe6 24. Bxd6 Qb6+ 25. c5 Qb2 26. c6 Rf2 27. Be4 Ng5 28. Rc2 Rxc2 29. Qxc2 Qd4+ 30. Kg2 Bc8 31. Qd3 Bh3+ 32. Kh1 Qf2 33. Bb4 Nxe4 0-1

[Event "WYCC 2018 G16"]
[Site "Halkidiki"]
[Date "2018.10.28"]
[Round "9"]
[White "Mairambekova, Aiperi"]
[Black "Pecorini, Angie"]
[Result "1-0"]
[ECO "B56"]
[WhiteElo "1398"]
[BlackElo "1847"]
[Annotator "NA"]
[PlyCount "89"]
[EventDate "2018.10.20"]
[EventType "swiss"]
[EventCountry "GRE"]
[SourceTitle "playchess.com"]
[Source "ChessBase"]
[SourceQuality "1"]
[TimeControl "40/5400+30:1800+30"]

1. e4 c5 2. Nf3 d6 3. d4 cxd4 4. Nxd4 Nf6 5. Nc3 Nc6 6. Be3 Ng4 7. Bg5 h6 8. Bh4 g5 9. Bg3 Bg7 10. Nxc6 bxc6 11. Qd2 Qa5 12. Nd1 Qxd2+ 13. Kxd2 f5 14. exf5 Bxf5 15. f3 Nf6 16. Ne3 Bg6 17. c3 Rb8 18. b3 Nh5 19. Re1 Nxg3 20. hxg3 Be5 21. g4 Bg3 22. Rd1 h5 23. gxh5 Rxh5 24. Rxh5 Bxh5 25. Nf5 Bf4+ 26. Kc2 Kf7 27. Bd3 e6 28. Nd4 c5 29. Nc6 Rb6 30. Nxa7 Bg6 31. Bxg6+ Kxg6 32. a4 d5 33. Nb5 g4 34. Rh1 Be5 35. Rh4 gxf3 36. gxf3 Kg5 37. Rg4+ Kf5 38. Kd3 Rb8 39. Ke2 Rh8 40. a5 Rb8 41. a6 d4 42. a7 Ra8 43. cxd4 cxd4 44. Kd3 Bh8 45. Rg1 {[%emt 0:02:20] Ke4+ Kxe4} 1-0

[Event "WYCC 2018 G16"]
[Site "Halkidiki"]
[Date "2018.10.28"]
[Round "9"]
[White "Michielsen, Lies"]
[Black "Ros Alonso, Joana"]
[Result "1/2-1/2"]
[ECO "C15"]
[WhiteElo "1398"]
[BlackElo "1952"]
[Annotator "NA"]
[PlyCount "122"]
[EventDate "2018.10.20"]
[EventType "swiss"]
[EventCountry "GRE"]
[SourceTitle "playchess.com"]
[Source "ChessBase"]
[SourceQuality "1"]
[TimeControl "40/5400+30:1800+30"]

1. e4 e6 2. d4 d5 3. Nc3 Bb4 4. exd5 exd5 5. Bd3 Nf6 6. Nge2 Nc6 7. O-O Bg4 8. f3 Bh5 9. Nf4 Bg6 10. Nxg6 hxg6 11. Ne2 Bd6 12. Bf4 Nxd4 13. Bxd6 Qxd6 14. h3 Nf5 15. Re1 O-O-O 16. Bxf5+ gxf5 17. Qd3 g6 18. Rad1 Kb8 19. Rd2 Qb6+ 20. Qd4 c5 21. Qf4+ Ka8 22. c3 Nh5 23. Qa4 c4+ 24. Kf1 Rhe8 25. Qc2 Qe3 26. Rdd1 d4 27. cxd4 Rxd4 28. a3 Red8 29. Rxd4 Rxd4 30. Rd1 Rxd1+ 31. Qxd1 Qe7 32. Qd4 Qc7 33. Qh8+ Qb8 34. Qd4 Qc8 35. Qd5 f6 36. Qf7 f4 37. Qxg6 Qh8 38. Qf7 c3 39. Nxc3 Ng3+ 40. Kf2 Qd8 41. Qd5 Qb6+ 42. Ke1 Qg1+ 43. Kd2 Qxg2+ 44. Kc1 Qg1+ 45. Qd1 Qb6 46. Qd2 Qc7 47. Kb1 Nf5 48. Nb5 Qb8 49. Qd7 a6 50. Qxf5 axb5 51. Qxb5 Qd6 52. Qe8+ Ka7 53. Qa4+ Kb8 54. Qe8+ Ka7 55. Qe1 Qd3+ 56. Ka2 Qxf3 57. Qa5+ Kb8 58. Qd8+ Ka7 59. Qa5+ Kb8 60. Qd8+ Ka7 61. Qa5+ Kb8 1/2-1/2

[Event "WYCC 2018 G16"]
[Site "Halkidiki"]
[Date "2018.10.29"]
[Round "10"]
[White "Maltsevskaya, Aleksandra"]
[Black "Muetsch, Annmarie"]
[Result "0-1"]
[ECO "A48"]
[WhiteElo "2290"]
[BlackElo "2206"]
[Annotator "NA"]
[PlyCount "72"]
[EventDate "2018.10.20"]
[EventType "swiss"]
[EventCountry "GRE"]
[SourceTitle "playchess.com"]
[Source "ChessBase"]
[SourceQuality "1"]
[TimeControl "40/5400+30:1800+30"]

1. d4 Nf6 2. Nf3 g6 3. Nbd2 Bg7 4. e4 d6 5. Bd3 O-O 6. O-O Nc6 7. c3 e5 8. Re1 Nh5 9. Nb3 h6 {[%emt 0:07:06] LiveBook: 20 Games} 10. Bf1 Bg4 11. Be3 Qf6 12. Be2 Nf4 13. Bxf4 Qxf4 14. d5 Ne7 15. Nbd2 $11 Bxf3 16. Bxf3 f5 17. Qe2 Qg5 18. b4 Kh8 19. a4 Ng8 20. a5 Nf6 21. Ra2 Rf7 22. Rc2 h5 23. c4 Bh6 24. Rf1 Raf8 25. Ra2 h4 26. h3 Qf4 27. Kh1 Nh7 28. Rg1 fxe4 29. Nxe4 Ng5 30. Nxg5 Qxg5 31. Rf1 Rf4 32. Rc2 Qf5 33. Bg4 Qf6 34. Bf3 e4 35. Bxe4 Re8 36. f3 Rexe4 0-1

[Event "WYCC 2018 G16"]
[Site "Halkidiki"]
[Date "2018.10.29"]
[Round "10"]
[White "Solozhenkina, Elizaveta"]
[Black "Kucharska, Honorata"]
[Result "0-1"]
[ECO "C11"]
[WhiteElo "2276"]
[BlackElo "2073"]
[Annotator "NA"]
[PlyCount "76"]
[EventDate "2018.10.20"]
[EventType "swiss"]
[EventCountry "GRE"]
[SourceTitle "playchess.com"]
[Source "ChessBase"]
[SourceQuality "1"]
[TimeControl "40/5400+30:1800+30"]

1. e4 e6 2. d4 d5 3. Nc3 Nf6 4. e5 Nfd7 5. f4 c5 6. Nf3 Nc6 7. Be3 cxd4 8. Nxd4 Bc5 9. Qd2 a6 10. O-O-O O-O 11. Kb1 Bxd4 12. Bxd4 b5 13. Qe3 ({White should play} 13. Bf2 $14) 13... b4 {[%emt 0:07:19] LiveBook: 5 Games} 14. Ne2 a5 15. Nc1 Nxd4 16. Rxd4 Qc7 17. g4 Ba6 $17 18. Bg2 Rfc8 19. Qf2 Rab8 20. Re1 a4 21. Rd2 Nb6 22. b3 Nd7 23. f5 a3 24. Qd4 Nb6 25. Re3 Qc5 26. Qf4 Rd8 27. Rh3 Nd7 28. g5 Nf8 29. g6 fxg6 30. fxe6 Nxe6 31. Qh4 h6 32. Qg4 Ng5 33. Rg3 Bc8 34. Qd1 d4 35. Ne2 Bf5 36. Nxd4 Qxe5 37. Bf1 Ne4 38. Bc4+ Kh8 0-1

[Event "WYCC 2018 G16"]
[Site "Halkidiki"]
[Date "2018.10.29"]
[Round "10"]
[White "Beydullayeva, Govhar"]
[Black "Rudzinska, Michalina"]
[Result "1/2-1/2"]
[ECO "A05"]
[WhiteElo "2202"]
[BlackElo "2073"]
[Annotator "NA"]
[PlyCount "104"]
[EventDate "2018.10.20"]
[EventType "swiss"]
[EventCountry "GRE"]
[SourceTitle "playchess.com"]
[Source "ChessBase"]
[SourceQuality "1"]
[TimeControl "40/5400+30:1800+30"]

1. Nf3 Nf6 2. c4 e6 3. g3 d5 4. d4 dxc4 5. Qa4+ c6 6. Qxc4 b5 7. Qc2 Bb7 8. Bg2 Nbd7 9. Nc3 {[%emt 0:00:26] LiveBook: 90 Games} a6 10. O-O Be7 11. Rd1 Qb6 12. e4 O-O 13. h3 c5 14. d5 c4 $11 ({Black should play} 14... exd5 $15 15. Nxd5 Nxd5 16. exd5 Rad8) 15. Bf4 exd5 16. e5 Nh5 17. Nxd5 Bxd5 18. Rxd5 Nxf4 19. Rxd7 Ng6 20. h4 Rad8 21. Rdd1 Rfe8 22. Bh3 Nf8 23. b3 Ne6 24. bxc4 Rxd1+ 25. Qxd1 bxc4 26. Qd7 Kf8 27. Rc1 Rd8 28. Qa4 Rd3 29. Bg2 c3 30. Qc2 Qb2 31. Ne1 Nd4 32. Qxd3 Qxc1 33. Kf1 c2 34. Qc3 g6 35. Be4 Qd1 36. Bxc2 Qe2+ 37. Kg2 Qxe5 38. Nf3 Nxf3 39. Qxf3 a5 40. Bb3 Qf6 41. Qa8+ Bd8 42. Qd5 Bb6 43. f3 Qb2+ 44. Kh3 Qf6 45. Qb7 Bd8 46. Kg2 Qb2+ 47. Kh3 Qf6 48. Qd7 Qf5+ 49. Qxf5 gxf5 50. Bc2 Kg7 51. Bxf5 h6 52. a4 f6 1/2-1/2

[Event "WYCC 2018 G16"]
[Site "Halkidiki"]
[Date "2018.10.29"]
[Round "10"]
[White "Getman, Tatyana"]
[Black "Duson, Robin"]
[Result "1-0"]
[ECO "A61"]
[WhiteElo "2195"]
[BlackElo "1999"]
[Annotator "NA"]
[PlyCount "79"]
[EventDate "2018.10.20"]
[EventType "swiss"]
[EventCountry "GRE"]
[SourceTitle "playchess.com"]
[Source "ChessBase"]
[SourceQuality "1"]
[TimeControl "40/5400+30:1800+30"]

1. d4 Nf6 2. c4 e6 3. Nf3 c5 4. d5 exd5 5. cxd5 d6 6. Nc3 g6 7. h3 Bg7 8. e4 O-O 9. Bd3 Bd7 10. Bf4 Re8 11. O-O b5 12. Bxd6 b4 13. Ne2 Nxe4 14. Bxe4 Rxe4 15. Bxc5 a5 16. Qd2 Bb5 17. Be3 Nd7 18. Rfd1 $11 Ne5 19. Nxe5 Bxe5 20. Rac1 Qd6 21. Nd4 Bd7 22. Nf3 Bf4 23. Bxf4 Rxf4 24. Qd3 Qf6 25. b3 Rd8 26. Rc4 Be6 27. Rxf4 Qxf4 28. d6 a4 29. h4 Bg4 30. bxa4 Bxf3 31. Qxf3 Qe5 32. Qd5 Qc3 33. d7 Qc7 34. a5 Kf8 35. a6 h5 36. Qd6+ Qxd6 37. Rxd6 Ke7 38. Rd1 f5 39. a7 f4 40. Kh2 1-0

[Event "WYCC 2018 G16"]
[Site "Halkidiki"]
[Date "2018.10.29"]
[Round "10"]
[White "Yurasova, Daria"]
[Black "De Silva, Tenara"]
[Result "1-0"]
[ECO "A48"]
[WhiteElo "2193"]
[BlackElo "1927"]
[Annotator "NA"]
[PlyCount "153"]
[EventDate "2018.10.20"]
[EventType "swiss"]
[EventCountry "GRE"]
[SourceTitle "playchess.com"]
[Source "ChessBase"]
[SourceQuality "1"]
[TimeControl "40/5400+30:1800+30"]

1. d4 Nf6 2. Nf3 g6 3. Bg5 Bg7 4. c3 O-O 5. Nbd2 d5 6. e3 Nbd7 7. Bd3 Re8 8. Bf4 c5 9. O-O Qb6 10. Qc2 Nh5 {[%emt 0:02:08] D03: 1 d4 d5 2 Nf3 Nf6 3 Bg5, including Torre Attack with early ...d5} 11. Bg5 e5 12. Nxe5 Nxe5 13. dxe5 Rxe5 14. Nf3 Re8 15. a4 $146 ({Predecessor:} 15. Qa4 Be6 {½-½ (28) Shaw,S (2374)-Satici,A (2449) England 2000}) 15... a6 16. Rfd1 Be6 17. a5 Qc6 18. Be2 Nf6 19. Ne5 Bf5 20. Qxf5 gxf5 21. Nxc6 $11 bxc6 22. Bd3 Ne4 23. Bf4 Be5 24. Bxe5 Rxe5 25. f3 Nd6 26. Kf2 c4 27. Bc2 Rb8 28. Rdb1 Kg7 29. Ba4 Nb5 30. Re1 Re7 31. Rad1 Kf6 32. Rd2 Ke5 33. e4 fxe4 34. fxe4 dxe4 35. Rxe4+ Kxe4 36. Re2+ Kd5 37. Rxe7 Nd6 38. Re2 Ne4+ 39. Kf3 Nc5 40. Rd2+ Nd3 41. b3 Kc5 42. b4+ Kd5 43. Bc2 Rb7 44. Bxd3 cxd3 45. Rxd3+ Kc4 46. Ke3 c5 47. Rd6 cxb4 48. cxb4 Rxb4 49. Rxa6 Rb2 50. Kf3 Rb3+ 51. Ke4 Kc5 52. Ra8 Ra3 53. Ra7 Ra2 54. Kf3 Ra3+ 55. Kg4 Ra2 56. Kh3 Kd6 57. Rxf7 Rxa5 58. Rxh7 Ke6 59. Rh6+ Kf7 60. Rd6 Ra3+ 61. g3 Ra4 62. g4 Ra2 63. Kg3 Ra3+ 64. Kh4 Kg7 65. g5 Kf7 66. Kg4 Ra4+ 67. Kh5 Ra3 68. h4 Ra5 69. Kh6 Ra4 70. h5 Ra8 71. Kh7 Kf8 72. Rf6+ Ke8 73. Kg6 Ke7 74. Rf7+ Ke6 75. h6 Rg8+ 76. Rg7 Rh8 77. h7 1-0

[Event "WYCC 2018 G16"]
[Site "Halkidiki"]
[Date "2018.10.29"]
[Round "10"]
[White "Berdnyk, Mariia"]
[Black "Srdanovic, Jovana"]
[Result "1-0"]
[ECO "B42"]
[WhiteElo "2179"]
[BlackElo "2072"]
[Annotator "NA"]
[PlyCount "67"]
[EventDate "2018.10.20"]
[EventType "swiss"]
[EventCountry "GRE"]
[SourceTitle "playchess.com"]
[Source "ChessBase"]
[SourceQuality "1"]
[TimeControl "40/5400+30:1800+30"]

1. e4 c5 2. Nf3 e6 3. d4 cxd4 4. Nxd4 a6 5. Bd3 Bc5 6. Nb3 Be7 7. Qg4 g6 8. Qe2 d6 {[%emt 0:00:15] B42: Sicilian: Kan Variation: 5 Bd3} 9. O-O Nd7 10. Nc3 b6 11. Bd2 Bb7 12. Rae1 h5 $146 ({Predecessor:} 12... Ngf6 13. Bh6 Bf8 14. Bxf8 Kxf8 15. f4 e5 16. Nd2 {0-1 (53) Motylev,A (2634)-Topalov,V (2735) Bastia 2003}) 13. f4 h4 14. f5 gxf5 $1 15. exf5 e5 16. Be4 Bxe4 17. Nxe4 Ngf6 18. Bc3 Qc7 19. Rf3 Qc6 20. Nxf6+ Bxf6 $16 21. Bb4 Rg8 22. Rd1 Nc5 23. Bxc5 dxc5 24. c4 Ke7 25. Rd5 Rg5 26. Nd2 Rag8 27. Rf2 Rg4 28. Ne4 Qc7 29. h3 Rg3 30. Qd1 Qc6 31. Re2 R3g5 32. Nxg5 Rxg5 33. Rd8 e4 34. Rxe4+ 1-0

[Event "WYCC 2018 G16"]
[Site "Halkidiki"]
[Date "2018.10.29"]
[Round "10"]
[White "Bach, Ngoc Thuy Duong"]
[Black "Hilario, Aleyla"]
[Result "1/2-1/2"]
[ECO "E32"]
[WhiteElo "2161"]
[BlackElo "2175"]
[Annotator "NA"]
[PlyCount "60"]
[EventDate "2018.10.20"]
[EventType "swiss"]
[EventCountry "GRE"]
[SourceTitle "playchess.com"]
[Source "ChessBase"]
[SourceQuality "1"]
[TimeControl "40/5400+30:1800+30"]

1. d4 Nf6 2. c4 e6 3. Nc3 Bb4 4. Qc2 O-O 5. a3 Bxc3+ 6. Qxc3 Ne4 7. Qc2 d5 8. e3 c6 9. Bd3 f5 10. Ne2 Qh4 11. O-O Nd7 12. f3 Ndf6 13. Nf4 Nd6 14. Bd2 dxc4 15. Bxc4 $16 Nd5 16. Nh3 Nxc4 17. Qxc4 e5 18. f4 e4 19. b4 Be6 20. Qe2 h6 21. Rfc1 g5 22. Qf2 Qh5 23. fxg5 hxg5 24. Qg3 g4 25. Nf4 Qf7 26. Nxd5 Bxd5 27. Qf4 Qg6 28. Be1 Rf7 29. Bg3 Rd8 30. Rc3 Kh7 1/2-1/2

[Event "WYCC 2018 G16"]
[Site "Halkidiki"]
[Date "2018.10.29"]
[Round "10"]
[White "Gomez Barrera, Javiera Belen"]
[Black "Aciu, Malina-Andreea"]
[Result "1-0"]
[ECO "B94"]
[WhiteElo "2136"]
[BlackElo "1976"]
[Annotator "NA"]
[PlyCount "83"]
[EventDate "2018.10.20"]
[EventType "swiss"]
[EventCountry "GRE"]
[SourceTitle "playchess.com"]
[Source "ChessBase"]
[SourceQuality "1"]
[TimeControl "40/5400+30:1800+30"]

1. e4 c5 2. Nf3 d6 3. d4 cxd4 4. Nxd4 Nf6 5. Nc3 a6 6. Bg5 Nbd7 7. Bc4 h6 8. Bh4 g6 9. O-O Bg7 10. Qd2 O-O 11. Rad1 Qc7 12. Bb3 Rb8 13. Rfe1 $11 Re8 14. a4 b6 15. h3 Bb7 16. Qe3 Rbc8 17. Kh1 Nh5 18. Nd5 Bxd5 19. exd5 Nc5 20. Nc6 e5 21. dxe6 Nxe6 22. Nb4 g5 23. Nd5 Qc6 24. Bg3 Nef4 25. Qf3 Be5 26. Bxf4 Nxf4 27. c3 Kg7 28. Re3 f6 29. Rde1 h5 30. Kg1 Kh6 31. Qd1 Nxd5 32. Bxd5 Qd7 33. Qb3 Rb8 34. Qc4 b5 35. axb5 axb5 36. Qd3 f5 37. Bb3 Qh7 38. Bc2 b4 39. cxb4 Rxb4 40. Rxe5 dxe5 41. Qd6+ Qg6 42. Qxb4 1-0

[Event "WYCC 2018 G16"]
[Site "Halkidiki"]
[Date "2018.10.29"]
[Round "10"]
[White "Ouellet, Maili-Jade"]
[Black "Jarocka, Liwia"]
[Result "1/2-1/2"]
[ECO "E54"]
[WhiteElo "2122"]
[BlackElo "1990"]
[Annotator "NA"]
[PlyCount "193"]
[EventDate "2018.10.20"]
[EventType "swiss"]
[EventCountry "GRE"]
[SourceTitle "playchess.com"]
[Source "ChessBase"]
[SourceQuality "1"]
[TimeControl "40/5400+30:1800+30"]

1. d4 Nf6 2. c4 e6 3. Nc3 Bb4 4. e3 O-O 5. Bd3 d5 6. Nf3 c5 7. O-O dxc4 8. Bxc4 cxd4 9. exd4 b6 10. Qd3 Bb7 11. Bg5 Nbd7 12. Rac1 Qb8 13. Rfd1 Rc8 14. Ba6 Bd6 15. Bxb7 Qxb7 16. Nb5 Be7 17. Bf4 Nd5 18. Bd6 Rxc1 19. Rxc1 Rc8 20. Qd2 a6 21. Bxe7 Nxe7 22. Nd6 Rxc1+ 23. Qxc1 Qb8 24. Ne4 h6 25. g3 Qb7 26. Qf4 Qb8 27. Qxb8+ Nxb8 28. Kf1 Nd5 29. Ke2 Kf8 30. a3 Ke7 31. Kd3 f6 32. Nfd2 Nd7 33. Nc4 g5 34. Nc3 Nc7 35. Ne3 Kd6 36. Kc4 Kc6 37. Nc2 b5+ 38. Kd3 a5 39. b3 Nb6 40. Ne3 Ncd5 41. Ne4 Nd7 42. Nxd5 exd5 43. Nc3 Nb6 44. Nd1 h5 45. Kc3 Nc8 46. f3 Ne7 47. Ne3 Kd6 48. Kd3 Ke6 49. Nd1 Nc8 50. Nc3 Na7 51. Ke3 Kd6 52. f4 Ke6 53. h3 b4 54. axb4 axb4 55. Na4 Nc6 56. Nc5+ Kf5 57. fxg5 fxg5 58. Nd3 Kf6 59. Nc5 Kf5 60. Na6 Kf6 61. Nc7 Ne7 62. Kf3 Kg6 63. g4 h4 64. Ke3 Kf7 65. Na6 Nc6 66. Nc5 Na5 67. Nd3 Nc6 68. Ne1 Kf6 69. Kd3 Na5 70. Kc2 Nc6 71. Nf3 Kg6 72. Kd3 Kf6 73. Ke3 Kg6 74. Ne1 Kf6 75. Nc2 Ke6 76. Kd3 Kf6 77. Ne3 Ne7 78. Nc2 Nc6 79. Ke3 Kg6 80. Ne1 Kf6 81. Nd3 Ke6 82. Nc5+ Kf6 83. Kd3 Ke7 84. Na6 Kd6 85. Ke3 Kd7 86. Nc5+ Ke7 87. Nd3 Ke6 88. Ne1 Kf6 89. Kd3 Na5 90. Kc2 Nc6 91. Nf3 Kg6 92. Ne5+ Nxe5 93. dxe5 Kf7 94. Kd3 Ke7 95. Ke3 Kd7 96. Kd3 Ke7 97. Ke3 1/2-1/2

[Event "WYCC 2018 G16"]
[Site "Halkidiki"]
[Date "2018.10.29"]
[Round "10"]
[White "Palma, Maria"]
[Black "Kalyva, Kyriaki"]
[Result "1-0"]
[ECO "D44"]
[WhiteElo "2106"]
[BlackElo "1779"]
[Annotator "NA"]
[PlyCount "59"]
[EventDate "2018.10.20"]
[EventType "swiss"]
[EventCountry "GRE"]
[SourceTitle "playchess.com"]
[Source "ChessBase"]
[SourceQuality "1"]
[TimeControl "40/5400+30:1800+30"]

1. d4 d5 2. c4 c6 3. Nc3 Nf6 4. Nf3 e6 $11 5. Bg5 dxc4 6. e4 b5 7. e5 h6 8. Bh4 g5 9. Nxg5 hxg5 10. Bxg5 Nbd7 11. exf6 Bb7 12. g3 Qb6 13. Bg2 O-O-O 14. O-O Bh6 15. Bxh6 Rxh6 16. Ne4 Nxf6 17. Nc5 e5 18. Qc1 Rh5 19. Nxb7 Rxd4 20. a4 Kxb7 21. axb5 Qxb5 22. b3 c3 23. Qxc3 Nd5 24. Qf3 Rh7 25. Qf5 Rg7 26. Qxe5 Rgg4 27. Qf5 Nc7 28. Qxf7 a6 29. Rfc1 Rd6 30. Bf1 1-0

[Event "WYCC 2018 G16"]
[Site "Halkidiki"]
[Date "2018.10.29"]
[Round "10"]
[White "Sankova, Stella"]
[Black "Mairambekova, Aiperi"]
[Result "1-0"]
[ECO "C27"]
[WhiteElo "2051"]
[BlackElo "1398"]
[Annotator "NA"]
[PlyCount "75"]
[EventDate "2018.10.20"]
[EventType "swiss"]
[EventCountry "GRE"]
[SourceTitle "playchess.com"]
[Source "ChessBase"]
[SourceQuality "1"]
[TimeControl "40/5400+30:1800+30"]

1. e4 e5 2. Nf3 Nf6 3. Bc4 Nxe4 4. Nc3 Nf6 5. Nxe5 d5 6. Bb3 Be6 7. d4 Be7 8. O-O O-O 9. Ne2 c6 10. Ng3 Na6 11. f4 Nc7 12. c3 Nb5 $14 13. Bc2 Nd6 14. f5 Bd7 15. Qf3 Nfe8 16. Nh5 Kh8 17. Kh1 Nf6 18. Nxf6 Bxf6 19. g4 Bc8 20. Bf4 Bg5 21. Rae1 Bxf4 22. Qxf4 f6 23. Nf3 Nf7 24. Qg3 Bd7 25. h4 h6 26. Rg1 Re8 27. Rxe8+ Bxe8 28. Qh3 Kg8 29. g5 fxg5 30. hxg5 Nxg5 31. Nxg5 hxg5 32. f6 gxf6 33. Qh7+ Kf8 34. Re1 Rc8 35. Qh6+ Kg8 36. Bh7+ Kf7 37. Qg6+ Kf8 38. Qg8# 1-0

[Event "WYCC 2018 G16"]
[Site "Halkidiki"]
[Date "2018.10.29"]
[Round "10"]
[White "Cramling Bellon, Anna"]
[Black "Nguyen, Vu Thu Hien"]
[Result "0-1"]
[ECO "D35"]
[WhiteElo "2025"]
[BlackElo "1841"]
[Annotator "NA"]
[PlyCount "94"]
[EventDate "2018.10.20"]
[EventType "swiss"]
[EventCountry "GRE"]
[SourceTitle "playchess.com"]
[Source "ChessBase"]
[SourceQuality "1"]
[TimeControl "40/5400+30:1800+30"]

1. d4 d5 2. c4 e6 3. Nc3 Nf6 4. cxd5 exd5 5. Bg5 Nbd7 6. e3 Be7 7. Bd3 c6 8. Qc2 h6 9. Bh4 O-O 10. Nf3 Re8 11. Bg3 Nh5 12. Be5 {[%emt 0:00:09] D36: Damengambit (Abtauschvariante)} (12. O-O-O Nxg3 13. hxg3 Nf6 14. Kb1 Bd6 15. Nh4 Be6 16. Bf5 Qd7 17. Bxe6 Qxe6 18. Ne2 Qe4 19. Nf5 Bf8 20. Nc3 Qxc2+ 21. Kxc2 {½-½ (45) Van Wely,L (2693)-Van Kampen,R (2607) Hoogeveen 2013}) 12... Nxe5 13. Bh7+ Kf8 14. Nxe5 Be6 $146 ({Vorgänger:} 14... Qd6 15. Bf5 g6 16. Bd3 Kg7 17. O-O a5 18. f4 Nf6 19. a4 Bd8 20. Rf3 Ng4 {½-½ (20) De Castro,E-Bandal,R Manila 1967}) 15. Bd3 Bd6 16. O-O Nf6 17. f4 Rc8 18. Bf5 c5 19. Bxe6 Rxe6 $11 20. Qb3 b6 21. Rae1 a6 22. a4 c4 23. Qc2 Bb4 24. Qf5 Qe8 25. Qc2 Ne4 26. f5 Rxe5 27. dxe5 Qxe5 28. Rf3 Nxc3 29. bxc3 Qxc3 30. Qxc3 Bxc3 31. Rd1 Rc5 32. e4 d4 33. f6 d3 34. fxg7+ Kxg7 35. Rdf1 Bd4+ 36. Kh1 f6 37. g4 d2 38. Kg2 c3 39. Rd3 Rc4 40. a5 b5 41. h4 Kg6 42. Kh3 b4 43. e5 fxe5 44. Rdf3 Rc7 45. g5 e4 46. Rf4 hxg5 47. hxg5 c2 0-1

[Event "WYCC 2018 G16"]
[Site "Halkidiki"]
[Date "2018.10.29"]
[Round "10"]
[White "Miroshnik, Ekaterina"]
[Black "Meenal Gupta"]
[Result "1-0"]
[ECO "E16"]
[WhiteElo "2023"]
[BlackElo "2065"]
[Annotator "NA"]
[PlyCount "87"]
[EventDate "2018.10.20"]
[EventType "swiss"]
[EventCountry "GRE"]
[SourceTitle "playchess.com"]
[Source "ChessBase"]
[SourceQuality "1"]
[TimeControl "40/5400+30:1800+30"]

1. d4 Nf6 2. c4 e6 3. Nf3 Bb4+ 4. Bd2 Qe7 5. a3 Bxd2+ 6. Qxd2 d6 {[%emt 0:00:33] E11: Bogo-Indian} (6... d5 7. Nc3 O-O 8. e3 Rd8 9. Qc2 dxc4 10. Bxc4 c5 11. O-O cxd4 12. Nxd4 Bd7 13. Rfd1 Nc6 14. Nxc6 Bxc6 15. Rxd8+ Rxd8 16. Rd1 Rxd1+ {½-½ (16) Vallejo Pons,F (2711)-Vazquez Igarza,R (2589) Madrid 2016}) 7. e3 e5 8. Qc2 O-O 9. dxe5 dxe5 10. Nc3 c6 $146 ({Predecessor:} 10... e4 11. Nd2 Bf5 12. h3 Bg6 13. g4 h6 14. Be2 Nbd7 15. h4 Nc5 {0-1 (57) Dambrauskas,V (2303)-Zagorskis,D (2470) Vilnius 2004}) 11. Bd3 Nbd7 12. Ng5 h6 13. Nh7 Nxh7 14. Bxh7+ Kh8 15. Bf5 Nb6 16. Bxc8 Raxc8 17. b3 a5 18. O-O Rcd8 19. Rfd1 Rxd1+ 20. Nxd1 $11 e4 21. Nc3 f5 22. Ne2 Qc5 23. a4 Nd7 24. Rd1 Rf7 25. Qc3 Ne5 26. Nf4 Rd7 27. Rd4 Rd6 28. h3 Kh7 29. Rxd6 Qxd6 30. Qxa5 c5 31. Nd5 Nd3 32. Qc3 Kg6 33. g3 h5 34. h4 Kh7 35. Kf1 f4 36. exf4 Qe6 37. Ne3 Qh3+ 38. Kg1 b6 39. Qc2 Kh6 40. Qd1 g6 41. Qa1 Kh7 42. Qf6 Ne1 43. Qe7+ Kh6 44. Qxe4 1-0

[Event "WYCC 2018 G16"]
[Site "Halkidiki"]
[Date "2018.10.29"]
[Round "10"]
[White "Nestorovic, Katarina"]
[Black "Staravoitava, Hanna"]
[Result "1-0"]
[ECO "B27"]
[WhiteElo "2015"]
[BlackElo "1768"]
[Annotator "NA"]
[PlyCount "117"]
[EventDate "2018.10.20"]
[EventType "swiss"]
[EventCountry "GRE"]
[SourceTitle "playchess.com"]
[Source "ChessBase"]
[SourceQuality "1"]
[TimeControl "40/5400+30:1800+30"]

1. e4 c5 2. Nf3 g6 3. d4 cxd4 4. Nxd4 Bg7 5. Nc3 Nc6 6. Nb3 Nf6 7. Be2 d6 8. O-O O-O 9. Re1 a5 10. a4 Be6 11. Bf1 Rc8 12. Nd5 Ng4 13. h3 Nge5 14. c3 h6 15. Be3 Bxd5 (15... Nd7 $142) 16. exd5 Nb8 17. Nd2 Na6 18. f4 Nd7 $16 19. Bb5 Nac5 20. Nc4 Nb6 21. Nxa5 Ra8 22. Nc4 Nxc4 23. Bxc4 Qc8 24. Qc2 e6 25. dxe6 Nxe6 26. Bd5 Nc7 27. Bb3 d5 28. Rad1 Re8 29. Kh1 Qe6 30. Qf2 Ra6 31. Bc5 Qc6 32. Rxe8+ Qxe8 33. Bb6 Ne6 34. Rxd5 Qc6 35. a5 Ra8 36. Qd2 Re8 37. Rd6 Qe4 38. Bxe6 Rxe6 39. Rxe6 Qxe6 40. b4 h5 41. Bd4 Bxd4 42. Qxd4 Qe1+ 43. Kh2 h4 44. Qd3 Qf2 45. Qf3 Qa7 46. Qe2 Kf8 47. Qe5 Kg8 48. Qe8+ Kg7 49. Qd8 Qa6 50. Qxh4 Qc4 51. Qg3 Kf6 52. Qe3 Qc7 53. Qe5+ Qxe5 54. fxe5+ Kxe5 55. c4 Kd4 56. b5 Kc5 57. Kg3 f6 58. Kf4 Kd6 59. g4 {[%emt 0:00:19] Kd5 Ke4+} 1-0